 Dungeon Crawl Stone Soup version 0.32-a0-433-g08bcfe7efd (webtiles) character file.

Game seed: 5584670363968433395

67 backslashecho the Caller (level 3, -6/29 HPs)
             Began as a Mountain Dwarf Summoner on Feb 23, 2024.
             Mangled by a hobgoblin
             ... wielding a +2 dagger of venom
              (7 damage)
             ... on level 2 of the Dungeon.
             The game lasted 00:05:07 (1747 turns).

backslashecho the Caller (Mountain Dwarf Summoner)  Turns: 1747, Time: 00:05:08

Health: -6/29      AC:  4    Str: 12    XL:     3   Next: 98%
Magic:  5/6        EV: 12    Int: 15    God:
Gold:   46         SH:  0    Dex: 10    Spells: 5/6 levels left

rFire   x . .        l - +0 mace
rCold   . . .        (no shield)
rNeg    . . .        a - +0 robe
rPois   .            g - +0 helmet
rElec   .            (no cloak)
rCorr   .            (no gloves)
SInv    .            j - +0 pair of boots
Will    .....        (no amulet)
Stlth   ++           (no ring)
HPRegen 0.24/turn    (no ring)
MPRegen 0.10/turn

%: no passive effects
@: lethally poisoned (-6 -> -11), attractive, hasted, very quick
A: runic magic, artefact enchanting, teleportitis 1, wild magic 1, heat
vulnerability 1
a: no special abilities


You were on level 2 of the Dungeon.
You visited 1 branch of the dungeon, and saw 2 of its levels.

You collected 46 gold pieces.

Inventory:

Hand Weapons
 l - a +0 mace (weapon)
Armour
 a - a +0 robe (worn)
 c - a +0 tower shield
 g - a +0 helmet (worn)
 j - a +0 pair of boots (worn)
Scrolls
 e - a scroll of teleportation {unknown}
 h - a scroll of vulnerability {unknown}
Potions
 b - a potion of magic
 k - a potion of heal wounds {unknown}
 m - a potion of experience {unknown}
 n - a potion of degeneration {unknown}


   Skills:
 + Level 2.2 Fighting
 * Level 1.8 Axes
 - Level 2.0 Dodging
 - Level 1.4 Stealth
 - Level 1.0 Unarmed Combat
 - Level 2.0 Spellcasting
 - Level 4.0 Summonings


You had 5 spell levels left.
You knew the following spells:

 Your Spells              Type           Power      Damage    Failure   Level
a - Summon Small Mammal   Summ           68%        N/A       7%          1

Your spell library contained the following spells:

 Spells                   Type           Power      Damage    Failure   Level
 Call Imp                 Summ           34%        N/A       10%         2
 Call Canine Familiar     Summ           17%        N/A       19%         3
 Summon Blazeheart Golem  Fire/Summ      9%         N/A       75%         4
 Summon Lightning Spire   Summ/Air       9%         N/A       75%         4


Dungeon Overview and Level Annotations

Branches:
Dungeon (2/15)

Altars:

Annotations:
D:2 exclusion: adder


Innate Abilities, Weirdness & Mutations

Your spellcasting is much less encumbered by armour.
You can use scrolls of enchantment on lesser artefacts.
You are occasionally teleported next to monsters.
Your spells are a little harder to cast, but a little more powerful.
You are vulnerable to heat. (rF-)


Message History

You take 3 damage, and have 26/29 hp.
You sock the goblin!
You kill the goblin!
You hit the endoplasm.
The endoplasm is almost dead.
The endoplasm barely misses you.
You hit the endoplasm.
You kill the endoplasm!
The hobgoblin hits you with a +2 dagger of venom.
You are poisoned.
You closely miss the hobgoblin.
You feel very sick.
The hobgoblin hits you with a +2 dagger of venom!
You are lethally poisoned!
You take 11 damage, and have 15/29 hp.
MASSIVE DAMAGE!!
You barely miss the hobgoblin.
You feel very sick. The hobgoblin misses you.
You take 6 damage, and have 9/29 hp.
MASSIVE DAMAGE!!
You swap places.
* * * LOW HITPOINT WARNING * * *
You feel very sick.
Your bat hits the hobgoblin but does no damage.
Your bat barely misses the hobgoblin.
Your bat hits the hobgoblin but does no damage.
The hobgoblin barely misses your bat.
You take 2 damage, and have 7/29 hp.
It was a potion of mutation.
You feel extremely strange.
You feel weirdly uncertain.
You feel less in control of your magic.
You feel vulnerable to heat.
* * * LOW HITPOINT WARNING * * *
You feel very sick.
Your bat closely misses the hobgoblin. x2
The hobgoblin hits your bat with a +2 dagger of venom.
Your bat is poisoned.
Your bat hits the hobgoblin.
You take 3 damage, and have 4/29 hp.
It was a potion of haste.
You feel yourself speed up.
* * * LOW HITPOINT WARNING * * *
You feel sick.
Your bat dies!
Your bat's corpse disappears in a puff of smoke!
Your rat bites the hobgoblin.
You take 2 damage, and have 2/29 hp.
It was a potion of attraction.
You feel attractive to monsters.
* * * LOW HITPOINT WARNING * * *
You feel sick.
The hobgoblin hits you with a +2 dagger of venom!
You die...

#... #...######### # #..
#..... ...##.
#.##..######...#####.#.#
#.......................
#.....................#.
#................g...
#..##.####...#####.##. #
#.# #.......).##.
#..#.###@# #...####### .
#..$.hhgr# #...# .
#..#.########...### .
#........# #.##.....#
#.##..#..#
#...<....######
#####.##.#...##...#
#.ยง...............#


You could see 2 jackals, a hobgoblin (ally target) and a friendly rat
(summoned).

Vanquished Creatures
  2 dart slugs
  3 ball pythons
  2 endoplasms (D:2)
  A giant cockroach (D:1)
  5 goblins
  A hobgoblin (D:1)
  10 jackals
  A kobold (D:2)
  2 quokkas (D:2)
  3 bats (D:1)
  4 frilled lizards
  2 rats (D:2)
36 creatures vanquished.

Vanquished Creatures (collateral kills)
  A dart slug (D:2)
  A bat (D:1)
  2 endoplasms (D:1)
  A giant cockroach (D:2)
  A hobgoblin (D:1)
  3 jackals (D:1)
  7 frilled lizards (D:2)
  2 rats (D:1)
18 creatures vanquished.

Grand Total: 54 creatures vanquished

Notes
Turn   | Place    | Note
-------+----------+-------------------------------------------
     0 | D:1      | backslashecho the Mountain Dwarf Summoner began the quest
                  | for the Orb.
     0 | D:1      | Reached XP level 1. HP: 14/14 MP: 3/3
   266 | D:1      | Reached skill level 1 in Unarmed Combat
   297 | D:1      | Reached skill level 1 in Fighting
   297 | D:1      | Reached XP level 2. HP: 23/23 MP: 2/4
   437 | D:1      | You fall into a shaft and drop 1 floor!
   880 | D:1      | Reached XP level 3. HP: 18/29 MP: 4/6
  1306 | D:2      | Reached skill level 1 in Axes
  1745 | D:2      | Gained mutation: You are occasionally teleported next to
                  | monsters. [potion of mutation]
  1745 | D:2      | Gained mutation: Your spells are a little harder to cast,
                  | but a little more powerful. [potion of mutation]
  1745 | D:2      | Gained mutation: You are vulnerable to heat. (rF-) [potion
                  | of mutation]
  1747 | D:2      | HP: 1/29 [poisoned by a hobgoblin]
  1747 | D:2      | Mangled by a hobgoblin

Illustrated notes

Levels and vault maps discovered:
D:1:      lemuel_arrival_muddy, layout_basic, nicolae_titane
D:2:      layout_loops_cross, minmay_lizard_king

Skill      XL: |  1  2  3 |
---------------+----------+-----
Unarmed Combat | 1 |  1.0
Fighting       | 1 2 |  2.2
Spellcasting   | 2 |  2.0
Dodging        | 2 |  2.0
Axes           | 1 |  1.8
Stealth        | |  1.4
Summonings     | |  4.0

Action                     || total
---------------------------++-------
  Melee: Unarmed           ||    49
         Punch             ||     3
         Dagger            ||    54
         Mace              ||    83
   Cast: Summon Small Mamm ||    42
    Use: Potion            ||     3
   Stab: Sleeping          ||     4
         Distracted        ||     1
 Armour: Robe              ||   123
  Dodge: Dodged            ||   190

Table legend: (Time is in decaauts)
 A = Elapsed time spent in this place.
 B = Non-inter-level travel time spent in this place.
 C = Inter-level travel time spent in this place.
 D = Time resting spent in this place.
 E = Time spent auto-exploring this place.
 F = Levels seen in this place.
 G = Mean time per level.
                   A        B        C        D        E       F      G
               +--------+--------+--------+--------+--------+-----+--------+
         Total |   1779 |   1693 |     86 |    169 |    996 |   2 |  889.5 |
       Dungeon |   1779 |   1693 |     86 |    169 |    996 |   2 |  889.5 |
               +--------+--------+--------+--------+--------+-----+--------+

Top non-repeatable levels by time:
     D:1: 1206 daAuts
     D:2: 572 daAuts
